 Dungeon Crawl Stone Soup version 0.26-a0-695-g987792ac36 (webtiles) character file.

Game seed: 12729122797446442778

6388 marklar909 the Cleaver (level 10, -2/89 HPs)
             Began as a Hill Orc Monk on Oct 26, 2020.
             Was an Elder of Qazlal.
             Slain by Urug
             ... wielding a +0 demon trident of electrocution
              (15 damage)
             ... on level 10 of the Dungeon.
             The game lasted 00:17:37 (13479 turns).

marklar909 the Cleaver (Hill Orc Monk)             Turns: 13479, Time: 00:17:37

Health: -2/89      AC: 14    Str: 18    XL:     10   Next: 97%
Magic:  11/11      EV: 13    Int: 17    God:    Qazlal [****..]
Gold:   570        SH:  5    Dex: 13    Spells: 9/9 levels left

rFire    . . .     SeeInvis .   k - +3 battleaxe (freeze) (curse)
rCold    . . .     Faith    .   (shield currently unavailable)
rNeg     . . .     Spirit   .   p - +0 chain mail
rPois    .         Reflect  .   n - +2 helmet "Ihioc Uti" {+Blink Int+7 Stlth-}
rElec    .         Harm     .   (no cloak)
rCorr    .         Rampage  .   (no gloves)
MR       .....                  (no boots)
Stlth    ..........             (no amulet)
HPRegen  0.24/turn              u - +4 ring of evasion
MPRegen  0.12/turn              (no ring)

@: lightly drained, repel missiles
A: no striking features
a: Upheaval, Elemental Force, Renounce Religion, Evoke Blink


You were on level 10 of the Dungeon.
You worshipped Qazlal.
Qazlal was greatly pleased with you.
You visited 1 branch of the dungeon, and saw 10 of its levels.

You collected 570 gold pieces.

Inventory:

Hand Weapons
 k - a cursed +3 battleaxe of freezing (weapon)
Missiles
 h - 60 poisoned darts (quivered)
Armour
 n - the +2 helmet "Ihioc Uti" (worn) {+Blink Int+7 Stlth-}
   (You found it on level 6 of the Dungeon)

   It affects your intelligence (+7).
   It lets you blink.
   It makes you less stealthy.
 p - a +0 chain mail (worn)
Jewellery
 u - a +4 ring of evasion (left hand)
Wands
 a - a wand of flame (25)
Scrolls
 c - 4 scrolls of teleportation
 e - 9 scrolls of remove curse
 j - 2 scrolls of enchant armour
 r - 2 scrolls of amnesia
 y - 3 scrolls of identify
 B - a scroll of blinking
Potions
 d - 2 potions of invisibility
 f - a potion of degeneration {unknown}
 i - a potion of lignification {unknown}
 m - a potion of magic {unknown}
 o - a potion of cancellation {unknown}
 w - a potion of might {unknown}
 z - 2 potions of flight {unknown}
 A - a potion of brilliance {unknown}
 C - a potion of mutation {unknown}


   Skills:
 + Level 8.3(7.7) Fighting
 + Level 12.8(12.1) Axes
 + Level 6.1(5.5) Throwing
 + Level 8.2(7.6) Armour
 + Level 4.2(3.6) Dodging
 + Level 2.9(2.4) Stealth
 + Level 1.4(0.9) Invocations
 + Level 1.3(0.8) Evocations


You had 9 spell levels left.
You didn't know any spells.
Your spell library contained the following spells:

 Spells                   Type           Power        Failure   Level
 Animate Skeleton         Necr           #.....       93%         1
 Apportation              Tloc           #.....       93%         1
 Corona                   Hex            #......      93%         1
 Summon Small Mammal      Summ           #...         93%         1


Dungeon Overview and Level Annotations

Branches:
Dungeon (10/15)            Temple (0/1) D:5
   Lair: D:8-11         Orc: D:9-12

Altars:
Dithmenos
Gozag
Nemelex Xobeh
Qazlal
Sif Muna
The Shining One

Annotations:
D:9 2 transporters, Whiskey's ghost, novice DsIE
D:10 Maurice; Nergalle; Urug


Message History

The white imp laughs crazily.
Urug barely misses you.
Maurice mumbles some strange words.
Maurice flickers and vanishes!
Deactivating autopickup; reactivate with Ctrl-A.
Nergalle drinks a potion.
Nergalle is healed!
Nergalle completely misses you.
Urug is struck by lightning.
Urug hits you with a +0 demon trident of electrocution!
You are electrocuted!!
You hit Urug but do no damage.
Urug is heavily wounded.
You hit Nergalle but do no damage. You slash something! You freeze something.
An orc warrior comes into view.
It is wielding a +0 trident and wearing a +2 plate armour of fire resistance.
Something hits you.
Something steals your scroll of magic mapping!
Nergalle hits you with a +0 dagger.
Urug hits you with a +0 demon trident of electrocution!!
* * * LOW HITPOINT WARNING * * *
You are electrocuted!
You die...

.o.......# ...>....#
........## ......... .5.....
#☼.○. #o.# #@.# #.o# # #..#
#. #.○# #.#########..#
#.......>..<.###
#...........................
#...........................
#......#####.######.........


You could see Urug, Nergalle, an orc warrior and a white imp.

Vanquished Creatures
  A wyvern (D:7)
  4 yaks (D:9)
  Grum (D:9)
  A black bear (D:7)
  An orc warrior (D:5)
  3 ice beasts
  2 phantoms
  2 wolves (D:9)
  5 ogres
  4 sky beasts
  7 centaurs
  A big kobold (D:8)
  5 bullfrogs
  2 scorpions
  A water moccasin skeleton (D:9)
  12 killer bees
  9 wights
  An electric eel (D:9)
  3 howler monkeys
  2 centaur zombies
  A jelly (D:5)
  A quasit (D:8)
  A bullfrog zombie (D:8)
  6 orc priests
  A gnoll shaman (D:4)
  7 hounds
  4 iguanas
  9 orc wizards
  11 worker ants
  A killer bee zombie (D:7)
  A worker ant zombie (D:7)
  2 howler monkey zombies
  4 adders
  7 gnolls (D:4)
  A shadow imp (D:7)
  4 white imps
  2 ufetubi
  An adder skeleton (D:8)
  A worm (D:2)
  A dart slug (D:1)
  10 leopard geckos
  30 orcs
  A ball python (D:4)
  7 giant cockroaches
  3 goblins
  6 hobgoblins
  9 quokkas
  3 bats
  8 frilled lizards
  3 jackal skeletons
  16 kobolds
  A leopard gecko skeleton (D:4)
  8 rats
238 creatures vanquished.

Vanquished Creatures (collateral kills)
  A killer bee (D:10)
1 creature vanquished.

Vanquished Creatures (others)
  A killer bee (D:10)
  An adder (D:10)
2 creatures vanquished.

Grand Total: 241 creatures vanquished

Notes
Turn   | Place    | Note
-------+----------+-------------------------------------------
     0 | D:1      | marklar909 the Hill Orc Monk began the quest for the Orb.
     0 | D:1      | Reached XP level 1. HP: 19/19 MP: 1/1
   176 | D:1      | Reached XP level 2. HP: 21/27 MP: 2/2
   898 | D:1      | Reached XP level 3. HP: 33/33 MP: 3/3
  1657 | D:2      | Reached skill level 5 in Axes
  2493 | D:3      | Noticed a scorpion
  2508 | D:3      | Killed a scorpion
  2508 | D:3      | Reached XP level 4. HP: 14/40 MP: 4/4
  3027 | D:3      | Reached XP level 5. HP: 47/47 MP: 5/5
  3260 | D:4      | Found a shadowy altar of Dithmenos.
  3307 | D:4      | Noticed an ogre
  3318 | D:4      | HP: 2/47 [ogre/+0 giant club (19)]
  3319 | D:4      | Killed an ogre
  3319 | D:4      | Reached skill level 6 in Axes
  3319 | D:4      | Reached skill level 1 in Throwing
  3319 | D:4      | Reached skill level 1 in Armour
  3321 | D:4      | Reached XP level 6. HP: 2/53 MP: 6/6
  4534 | D:4      | Noticed a phantom
  4581 | D:4      | Killed a phantom
  5097 | D:4      | Reached XP level 7. HP: 51/60 MP: 7/7
  5300 | D:4      | Found a glowing golden altar of the Shining One.
  5300 | D:4      | Found an opulent altar of Gozag.
  5301 | D:4      | Found a stormy altar of Qazlal.
  5524 | D:4      | Became a worshipper of Qazlal Stormbringer
  5524 | D:4      | Reached * piety under Qazlal
  5524 | D:4      | Reached ** piety under Qazlal
  5555 | D:5      | Entered Level 5 of the Dungeon
  5601 | D:5      | Reached skill level 7 in Axes
  5619 | D:4      | Reached skill level 5 in Fighting
  6048 | D:5      | Found a staircase to the Ecumenical Temple.
  6161 | D:5      | HP: 2/61 [orc priest/divine providence (9)]
  7144 | D:5      | Reached XP level 8. HP: 23/68 MP: 8/8
  7779 | D:6      | Found a sparkling altar of Nemelex Xobeh.
  7892 | D:6      | Reached skill level 8 in Axes
  8324 | D:6      | Reached skill level 5 in Armour
  8840 | D:6      | Reached skill level 1 in Evocations
  9023 | D:7      | Reached XP level 9. HP: 73/75 MP: 9/9
  9447 | D:7      | Reached skill level 5 in Throwing
  9655 | D:7      | Reached *** piety under Qazlal
  9655 | D:7      | Reached skill level 9 in Axes
  9955 | D:7      | You fall into a shaft and drop 3 floors!
  9955 | D:10     | Entered Level 10 of the Dungeon
 10287 | D:9      | Reached skill level 1 in Invocations
 10287 | D:9      | Reached XP level 10. HP: 50/86 MP: 10/10
 10287 | D:9      | Reached skill level 10 in Axes
 10296 | D:9      | Noticed Grum
 10306 | D:9      | Killed Grum
 10365 | D:9      | Reached skill level 11 in Axes
 10903 | D:9      | Noticed Whiskey's ghost (novice DsIE)
 10905 | D:9      | Noticed an orb spider
 10920 | D:9      | Noticed a salamander
 10921 | D:9      | Found a transporter.
 11028 | D:8      | Reached **** piety under Qazlal
 11094 | D:8      | Reached skill level 12 in Axes
 12107 | D:6      | Got a brightly glowing helmet
 12108 | D:6      | Identified the +2 helmet "Ihioc Uti" {+Blink Int+7 Stlth-}
                  | (You found it on level 6 of the Dungeon)
 12951 | D:9      | Found a shimmering blue altar of Sif Muna.
 13043 | D:9      | Found a transporter.
 13471 | D:10     | Noticed Nergalle
 13472 | D:10     | Noticed Urug
 13476 | D:10     | Noticed Maurice
 13479 | D:10     | Slain by Urug

Illustrated notes

Levels and vault maps discovered:
D:1:      nagdon_arrival_double_spiral, layout_loops_corners
D:2:      layout_basic
D:3:      layout_basic
D:4:      layout_basic, lemuel_round_altar, gammafunk_temple_overflow_claw,
          lightli_ossuary_entry_decrepit_ruins, hex_intersection
D:5:      layout_loops_ring, minmay_temple_entry_antechambers,
          portal_sewer_entry_d
D:6:      layout_loops_ring, marbit_many_paths
D:7:      layout_basic
D:8:      layout_basic
D:9:      layout_basic, lemuel_doored_altar, gammafunk_ghost_arena, uniq_grum
D:10:     minmay_inner_zag, layout_small_grid, dpeg_lair_monsters,
          minmay_misc_feat_encased, uniq_maurice, uniq_nergalle, uniq_urug

Skill      XL: |  1  2  3  4  5  6  7  8  9 10 |
---------------+-------------------------------+-----
Fighting       | 4 5 6 7 8 |  8.3
Axes           | 5 6 7 8 9 12 | 12.8
Stealth        | 2 |  2.9
Dodging        | 3 4 |  4.2
Throwing       | 1 3 4 6 |  6.1
Armour         | 1 2 4 5 6 8 |  8.2
Evocations     | 1 |  1.3
Invocations    | 1 |  1.4

Action                   |  1- 3 |  4- 6 |  7- 9 | 10-12 || total
-------------------------+-------+-------+-------+-------++-------
Melee: Hand axe          |   143 |   126 |   374 |       ||   643
       Battleaxe         |       |       |    19 |   225 ||   244
Throw: Dart              |    17 |    29 |   140 |       ||   186
Invok: Upheaval          |       |       |     2 |       ||     2
Evoke: Wand              |       |     5 |    14 |       ||    19
  Use: Scroll            |     6 |       |     4 |    11 ||    21
       Potion            |       |       |     3 |     6 ||     9
 Stab: Sleeping          |     5 |     1 |       |       ||     6
Armor: Robe              |    13 |       |       |       ||    13
       Ring mail         |     1 |    33 |    30 |       ||    64
       Chain mail        |       |       |   149 |    97 ||   246
Dodge: Dodged            |   103 |    69 |   250 |   185 ||   607
Block: Other             |       |       |    47 |    54 ||   101

Table legend: (Time is in decaauts)
 A = Elapsed time spent in this place.
 B = Non-inter-level travel time spent in this place.
 C = Inter-level travel time spent in this place.
 D = Time resting spent in this place.
 E = Time spent auto-exploring this place.
 F = Levels seen in this place.
 G = Mean time per level.
                   A        B        C        D        E       F      G
               +--------+--------+--------+--------+--------+-----+--------+
         Total |  13459 |  12763 |    696 |   2294 |   8315 |  10 | 1345.9 |
       Dungeon |  13459 |  12763 |    696 |   2294 |   8315 |  10 | 1345.9 |
               +--------+--------+--------+--------+--------+-----+--------+

Top non-repeatable levels by time:
     D:4: 1798 daAuts
     D:5: 1755 daAuts
     D:7: 1596 daAuts
     D:6: 1556 daAuts
     D:1: 1485 daAuts
     D:9: 1333 daAuts
     D:2: 1267 daAuts
     D:3: 1236 daAuts
     D:8: 948 daAuts
    D:10: 481 daAuts
